 Dungeon Crawl Stone Soup version 0.29.0-4-gdea44cf6ec (webtiles) character file.

Game seed: 417144426206570038

336 qw the Chopper (level 6, -7/35 HPs)
             Began as a Tengu Warper on Aug 28, 2022.
             Splashed by a jelly's acid (10 damage)
             ... on level 4 of the Dungeon.
             The game lasted 00:00:19 (3292 turns).

qw the Chopper (Tengu Warper)                       Turns: 3292, Time: 00:00:19

Health: -7/35      AC:  7    Str: 13    XL:     6   Next: 54%
Magic:  10/10      EV:  5    Int: 13    God:
Gold:   175        SH:  0    Dex: 14    Spells: 9/9 levels left

rFire   . . .      SeeInvis +   Y - +1 hand axe
rCold   . . .      Faith    .   (no shield)
rNeg    . . .      Spirit   .   f - +0 plate armour
rPois   +          Reflect  .   (helmet restricted)
rElec   .          Harm     .   (no cloak)
rCorr   .          Rampage  .   (no gloves)
Will    .....                   (boots unavailable)
Stlth   ..........              (no amulet)
HPRegen 0.11/turn               c - ring of poison resistance
MPRegen 0.12/turn               (no ring)

@: about to teleport, corroded, flying quickly and evasively, quick
A: beak, talons 3, nimble flight, see invisible
a: no special abilities


You were on level 4 of the Dungeon.
You visited 1 branch of the dungeon, and saw 4 of its levels.

You collected 175 gold pieces.


Innate Abilities, Weirdness & Mutations

You have a beak for a mouth.
You have claws for feet.
Your magical nature lets you fly swiftly and evasively.
You have supernaturally acute eyesight. (SInv)


   Skills:
 - Level 2.0 Fighting
 - Level 7.0 Axes
 - Level 1.0 Throwing
 + Level 2.5 Armour
 - Level 2.1 Dodging
 - Level 2.0 Spellcasting
 - Level 2.4 Translocations


You had 9 spell levels left.
You didn't know any spells.
Your spell library contained the following spells:

 Spells                   Type           Power      Damage    Failure   Level
 Blink                    Tloc           14%        N/A       100%        2
 Gell's Gravitas          Tloc           7%         N/A       100%        3
 Lesser Beckoning         Tloc           7%         N/A       100%        3
 Teleport Other           Tloc           7%         N/A       100%        3
 Manifold Assault         Tloc           7%         N/A       100%        5

Inventory:

Hand Weapons
 l - a +0 flail
 Y - a +1 hand axe (weapon)
Missiles
 g - 2 boomerangs (quivered)
Armour
 d - a scarf of resistance
 f - a +0 plate armour (worn)
Jewellery
 c - a ring of poison resistance (left hand)
Scrolls
 a - 4 scrolls of teleportation
 e - 2 scrolls of identify
Potions
 b - 2 potions of curing
 h - a potion of attraction {unknown}
 i - a potion of haste {unknown}
 j - a potion of mutation
 m - a potion of magic {unknown}
 n - 2 potions of brilliance {unknown}
 o - a potion of invisibility
 p - a potion of heal wounds {unknown}

Dungeon Overview and Level Annotations

Branches:
Dungeon (4/15)
 Temple: D:4-7

Altars:
Dithmenos
Sif Muna
Xom

Shops:
D:1 !

Annotations:
D:4 3 runed translucent doors, Dowan; Duvessa; qw's ghost, amateur TeWr


Message History

Ijyb is lightly wounded.
Ijyb hits you but does no damage.
You closely miss Ijyb. Your kick misses Ijyb.
Ijyb is lightly wounded.
Ijyb hits you but does no damage.
You hit Ijyb. You claw Ijyb.
Ijyb is heavily wounded.
Ijyb completely misses you.
You closely miss Ijyb. Your kick misses Ijyb.
Ijyb is heavily wounded.
Ijyb hits you but does no damage.
You hit Ijyb. Your kick misses Ijyb.
Ijyb is severely wounded.
Ijyb hits you but does no damage.
You barely miss Ijyb. You claw Ijyb, but do no damage. You peck Ijyb.
Ijyb is almost dead.
Ijyb zaps a wand.
The bolt of light hits you!
You hit Ijyb but do no damage. You claw Ijyb.
You kill Ijyb!
You start resting.
HP restored.
Things that are here:
a +0 dagger; a +1 leather armour of willpower; a wand of light (10)
Found a shimmering altar of Xom.
You feel as though Xom is toying with you.
Suddenly, the walls become transparent!
You reach down and open the door.
A jelly comes into view.
You hit the jelly.
Your hands burn!
Your kick misses the jelly. You peck the jelly, but do no damage.
The jelly is heavily wounded.
The jelly hits you.
You are splashed with acid!
You hit the jelly. The acid corrodes you!
Your hands burn!
The jelly is severely wounded.
The jelly hits you.
You are splashed with acid!
3292 ||| READING 5 scrolls of teleportation.
As you read the scroll of teleportation, it crumbles to dust.
You feel strangely unstable. The jelly hits you.
You are splashed with acid!
You die...

######## .......#
.#####.# .# #.# .#
#.#
.#####.##########
.)..............####
..........#####....#
#.####>##.# ##@..#
#.# #.####e.+.J...#
#.####.# ...###...#
.......# e..# #...#
.....)... ._.+ +...#
##.#####. ...# #...#
##.# ...# #...# ##.#
#..+ +...# ##.#


You could see a jelly.

Vanquished Creatures
  A bullfrog (D:4)
  A necrophage (D:4)
  A howler monkey (D:4)
  An iguana (D:4)
  Ijyb (D:4)
  2 adders (D:3)
  An ufetubus (D:4)
  3 worms
  A dart slug (D:2)
  2 orcs (D:4)
  14 endoplasms
  3 giant cockroaches (D:1)
  5 goblins
  11 hobgoblins
  2 jackals (D:1)
  A quokka (D:4)
  9 ball pythons
  5 bats
  A frilled lizard (D:2)
  4 kobolds
  2 rats
71 creatures vanquished.

Notes
Turn   | Place    | Note
-------+----------+-------------------------------------------
     0 | D:1      | qw the Tengu Warper began the quest for the Orb.
     0 | D:1      | Reached XP level 1. HP: 12/12 MP: 4/4
     0 | D:1      | 0 ||| qw: Version: 0.1-a-89-g26bdef1
     0 | D:1      | 0 ||| qw: Game counter: 2614
     0 | D:1      | 0 ||| qw: Always use a shield: true
     0 | D:1      | 0 ||| qw: God list: Okawaru
     0 | D:1      | 0 ||| qw: Allow faded altars: false
     0 | D:1      | 0 ||| qw: Do Orc after D:15 true
     0 | D:1      | 0 ||| qw: Do second Lair branch before Depths: true
     0 | D:1      | 0 ||| qw: Lair rune preference: random
     0 | D:1      | 0 ||| qw: Plans: Normal
     0 | D:1      | 0 ||| PLANNING D:1-11
    26 | D:1      | Found Tuuz's Distillery.
    28 | D:1      | 28 ||| UPGRADING to +0 plate armour.
   174 | D:1      | 174 ||| DROPPING +0 leather armour.
   179 | D:1      | 179 ||| READING scroll labelled FOSURU HOITOA.
   180 | D:1      | 180 ||| DROPPING scroll of blinking.
   181 | D:1      | 181 ||| Stepping randomly (stuck).
   182 | D:1      | 182 ||| Stepping randomly (stuck).
   187 | D:1      | 187 ||| SHOPLISTING potion of cancellation (80 gold, have
                  | 14).
   187 | D:1      | 187 ||| SHOPLISTING potion of curing (30 gold, have 14).
   187 | D:1      | 187 ||| SHOPLISTING potion of haste (100 gold, have 14).
   187 | D:1      | 187 ||| SHOPLISTING potion of mutation (80 gold, have 14).
   187 | D:1      | 187 ||| SHOPLISTING potion of resistance (100 gold, have
                  | 14).
   246 | D:1      | Reached XP level 2. HP: 17/17 MP: 6/6
   253 | D:1      | Reached skill level 3 in Axes
   311 | D:1      | 311 ||| Stepping ~*~*~tactically~*~*~ (stealth).
   315 | D:1      | 315 ||| Stepping ~*~*~tactically~*~*~ (stealth).
   485 | D:1      | 485 ||| Stepping ~*~*~tactically~*~*~ (stealth).
   507 | D:1      | Reached XP level 3. HP: 21/21 MP: 7/7
   651 | D:1      | 651 ||| Stepping ~*~*~tactically~*~*~ (stealth).
   756 | D:1      | Reached skill level 4 in Axes
   781 | D:1      | 781 ||| UPGRADING to ring of poison resistance.
   782 | D:1      | 782 ||| READING scroll labelled WITRUSUNAO.
   783 | D:1      | 783 ||| DRINKING 2 glowing sapphire potions.
   854 | D:2      | 854 ||| Stepping ~*~*~tactically~*~*~ (stealth).
   923 | D:2      | Found a shadowy altar of Dithmenos.
   959 | D:2      | 959 ||| Stepping ~*~*~tactically~*~*~ (stealth).
   960 | D:2      | 960 ||| DROPPING +0 club.
  1171 | D:2      | Found a faded altar of an unknown god.
  1196 | D:2      | Identified the +1 robe "Fouh" {Regen+}
  1339 | D:2      | 1339 ||| UPGRADING to ring of see invisible.
  1340 | D:2      | 1340 ||| READING scroll labelled GYAVIUSH IPLED.
  1343 | D:2      | 1343 ||| READING scroll labelled FEENWUEXAFF.
  1344 | D:2      | 1344 ||| DRINKING 2 blue potions.
  1344 | D:2      | Gained mutation: You have supernaturally acute eyesight.
                  | (SInv) [potion of mutation]
  1345 | D:2      | 1345 ||| REMOVING ring of see invisible.
  1346 | D:2      | 1346 ||| DROPPING ring of see invisible.
  1430 | D:3      | Reached XP level 4. HP: 26/26 MP: 8/8
  2229 | D:3      | 2229 ||| READING scroll labelled OHEATE KADO.
  2230 | D:3      | 2230 ||| DRINKING 2 dark potions.
  2231 | D:3      | 2231 ||| DROPPING potion of flight.
  2406 | D:4      | Noticed a bullfrog
  2413 | D:4      | Killed a bullfrog
  2414 | D:4      | Reached skill level 5 in Axes
  2414 | D:4      | Gained mutation: Your magical nature lets you fly swiftly
                  | and evasively. [Tengu growth]
  2414 | D:4      | Reached XP level 5. HP: 24/30 MP: 9/9
  2514 | D:4      | Reached skill level 6 in Axes
  2576 | D:4      | Noticed qw's ghost (amateur TeWr)
  2585 | D:4      | Found a runed translucent gate.
  2585 | D:4      | Found a runed translucent gate.
  2592 | D:4      | 2592 ||| Stepping ~*~*~tactically~*~*~ (stealth).
  2592 | D:4      | Found a runed translucent gate.
  2677 | D:4      | Found a shimmering blue altar of Sif Muna.
  2720 | D:4      | Reached XP level 6. HP: 35/35 MP: 10/10
  2728 | D:4      | Reached skill level 7 in Axes
  2979 | D:4      | 2979 ||| DROPPING +0 mace.
  3125 | D:4      | 3125 ||| Stepping ~*~*~tactically~*~*~ (stealth).
  3131 | D:4      | Noticed Ijyb
  3142 | D:4      | Killed Ijyb
  3273 | D:4      | Noticed Duvessa
  3276 | D:4      | Found a shimmering altar of Xom.
  3277 | D:4      | Noticed Dowan
  3291 | D:4      | HP: 4/35 [acid (7)]
  3292 | D:4      | 3292 ||| READING 5 scrolls of teleportation.
  3292 | D:4      | Splashed by a jelly's acid

Levels and vault maps discovered:
D:1:      scummos_arrival_simple_crosswalls, layout_loops_ring, serial_shops,
          nicolae_square_shop, kennysheep_flooded_box
D:2:      layout_rooms, basic_altar, hellmonk_ecumenical_altar_blasted,
          minmay_misc_feat_cross
D:3:      layout_basic
D:4:      layout_loops_ring, dk_xom_monty_hall, overflow_temple_1_default,
          ebering_ghost_rock_garden, corexii_corridor_pit, minmay_small_thing,
          uniq_duvessa, uniq_ijyb

Skill      XL: |  1  2  3  4  5  6 |
---------------+-------------------+-----
Axes           | 3 4 5 6 7 |  7.0
Armour         | 2 |  2.5
Fighting       | |  2.0
Throwing       | |  1.0
Dodging        | |  2.1
Spellcasting   | |  2.0
Translocations | |  2.4

Action                   |  1- 3 |  4- 6 || total
-------------------------+-------+-------++-------
Melee: Hand axe          |    70 |    74 ||   144
       Kick              |    10 |    23 ||    33
       Peck              |     5 |    12 ||    17
Throw: Boomerang         |    45 |    47 ||    92
  Use: Scroll            |     4 |     2 ||     6
       Potion            |     2 |     1 ||     3
Armor: Plate armour      |    50 |    41 ||    91
Dodge: Dodged            |    10 |    12 ||    22

Table legend:
 A = Non-vault XP
 B = Vault XP
 C = Vault XP percentage of total XP
 D = Non-vault monster count
 E = Vault monster count
 F = Vault count percentage of total count
                 A         B        C        D         E       F
            +---------+---------+-------+---------+---------+-------
      Total |     348 |     132 |  27.5 |      69 |       2 |   2.8
            +---------+---------+-------+---------+---------+-------
        D:1 |      45 |       0 |   0.0 |      26 |       0 |   0.0
        D:2 |      33 |       0 |   0.0 |      16 |       0 |   0.0
        D:3 |      41 |       0 |   0.0 |       8 |       0 |   0.0
        D:4 |     229 |     132 |  36.6 |      19 |       2 |   9.5
            +---------+---------+-------+---------+---------+-------
